[Event "January 9 Early 2024"]
[Site "https://www.chess.com"]
[Date "2024.01.11"]
[Round "2"]
[White "Delorme, Axel"]
[Black "Daurimbetov, Azamat"]
[Result "1-0"]
[Board "120"]
[TimeControl "180+1"]
[WhiteFideId "632023"]
[BlackFideId "14201950"]
[WhiteElo "2493"]
[BlackElo "2240"]
[WhiteTeam "FRA"]
[BlackTeam "UZB"]
[WhiteClock "0:00:50"]
[BlackClock "0:00:02"]

1. e4 e5 2. Nf3 Nc6 3. Bb5 a6 4. Ba4 Nf6 5. O-O Be7 6. Re1 b5 7. Bb3 O-O 8. a4 Rb8 9. axb5 axb5 10. c3 d5 11. exd5 Nxd5 12. Nxe5 Nxe5 13. Rxe5 Nf6 14. d4 Bd6 15. Re2 Ng4 16. h3 Qh4 17. Nd2 Bb7 18. Nf1 Nf6 19. Qd2 Ne4 20. Qd3 Ba8 21. Rxa8 Nxf2 22. Rxf2 Rxa8 23. Rxf7 Rxf7 24. Bxf7+ Kh8 25. Bd5 Rf8 26. Be3 Qe1 27. Bf3 h6 28. Qe2 Qh4 29. Bf2 Qg5 30. Nd2 Qf4 31. Nf1 Qg5 32. Qe4 Qc1 33. Be2 1-0

[Event "January 9 Early 2024"]
[Site "https://www.chess.com"]
[Date "2024.01.11"]
[Round "2"]
[White "Cardozo Munar, Carlos Eduardo"]
[Black "Berezin, Viktor"]
[Result "0-1"]
[Board "121"]
[TimeControl "180+1"]
[WhiteFideId "4409477"]
[BlackFideId "14107872"]
[WhiteElo "2228"]
[BlackElo "2488"]
[WhiteTeam "COL"]
[BlackTeam "UKR"]
[WhiteClock "0:00:12"]
[BlackClock "0:01:11"]

1. d4 Nf6 2. Bg5 Ne4 3. h4 d6 4. Nd2 Nxd2 5. Qxd2 h6 6. Bf4 c6 7. e4 Nd7 8. Nf3 Nf6 9. Bd3 Bg4 10. O-O-O e6 11. Kb1 Bxf3 12. gxf3 Qb6 13. c3 O-O-O 14. e5 Nd5 15. exd6 Nxf4 16. Qxf4 Bxd6 17. Qxf7 Rhf8 18. Qxe6+ Kb8 19. Be4 Rf6 20. Qb3 Qc7 21. Rhg1 Rf4 22. Rg4 Rdf8 23. Rdg1 Rxg4 24. Rxg4 a5 25. Qe6 Ka7 26. a3 Rf6 27. Qg8 Bf8 28. Qc4 Qb6 29. Ka2 Qc7 30. h5 Qd7 31. Qa4 Qd8 32. Qb3 Qe8 33. d5 Qxh5 34. dxc6 bxc6 35. Qa4 Qb5 36. Qxb5 cxb5 37. Bd3 Kb6 38. Be4 g5 39. Rg1 Bc5 40. Rd1 Bxf2 41. Rd5 Bc5 42. b4 axb4 43. axb4 Be3 44. Kb3 h5 45. Rf5 Rh6 46. Bd3 h4 47. Rxb5+ Kc7 48. Be4 Bf4 49. Rb6 Kxb6 0-1

[Event "January 9 Early 2024"]
[Site "https://www.chess.com"]
[Date "2024.01.11"]
[Round "2"]
[White "Jimenez Almeida, Luis David"]
[Black "Pogorelskikh, Sofia"]
[Result "1-0"]
[Board "122"]
[TimeControl "180+1"]
[WhiteFideId "22242244"]
[BlackFideId "44164548"]
[WhiteElo "2516"]
[BlackElo "2281"]
[WhiteTeam "ESP"]
[BlackTeam "SRB"]
[WhiteClock "0:00:42"]
[BlackClock "0:00:02"]

1. e4 c5 2. Nc3 e6 3. g3 Nc6 4. Bg2 Nf6 5. Nge2 d5 6. d3 Be7 7. O-O O-O 8. f4 d4 9. Nb1 e5 10. h3 Ne8 11. a4 b6 12. Na3 f6 13. Nc4 Be6 14. b3 Nd6 15. f5 Bf7 16. g4 a6 17. h4 b5 18. axb5 axb5 19. Rxa8 Qxa8 20. Nb6 Qd8 21. Nd5 h6 22. g5 hxg5 23. hxg5 fxg5 24. Qe1 Bf6 25. Qg3 Nb4 26. Nxf6+ gxf6 27. Bxg5 fxg5 28. f6 Bg6 29. Qxg5 Kf7 30. Ra1 Qd7 31. Bh3 Qxh3 32. Ra7+ Ke8 33. f7+ Nxf7 34. Qe7# 1-0

[Event "January 9 Early 2024"]
[Site "https://www.chess.com"]
[Date "2024.01.11"]
[Round "2"]
[White "Slade, Theodore"]
[Black "Skurikhin, Dmitrij"]
[Result "1/2-1/2"]
[Board "123"]
[TimeControl "180+1"]
[WhiteFideId "426547"]
[BlackFideId "4161297"]
[WhiteElo "2459"]
[BlackElo "2180"]
[WhiteTeam "ENG"]
[BlackTeam "RUS"]
[WhiteClock "0:00:19"]
[BlackClock "0:01:20"]

1. d4 d5 2. c4 c6 3. cxd5 cxd5 4. Bf4 Nc6 5. e3 Nf6 6. Nc3 a6 7. Be2 Bf5 8. Nf3 e6 9. O-O Bd6 10. Bxd6 Qxd6 11. Rc1 O-O 12. Na4 Nd7 13. Nc5 Nxc5 14. Rxc5 b6 15. Rc3 Rfc8 16. Qa4 b5 17. Qd1 Nb4 18. a3 Rxc3 19. bxc3 Nc2 20. Nh4 Nxa3 21. Nxf5 exf5 22. Bd3 g6 23. Qb3 Rc8 24. Ra1 Nc4 25. g3 h5 26. Qa2 Rc6 27. Kg2 h4 28. gxh4 Kg7 29. Kh1 Qf6 30. h5 Qh4 31. hxg6 fxg6 32. Rg1 Kf6 33. Bxc4 dxc4 34. Qe2 Qe4+ 35. f3 Qd3 36. Qg2 Kf7 37. f4 Re6 38. Qb7+ Kf6 39. Qa8 Qe4+ 40. Qxe4 Rxe4 41. Ra1 Rxe3 42. Rxa6+ Kf7 43. Rb6 Rxc3 44. Rxb5 Rd3 45. d5 c3 46. Rc5 c2 47. Kg2 Rd2+ 48. Kg3 Kg7 49. h3 Kh6 50. Rc8 Rxd5 51. Rxc2 Rd3+ 52. Kh4 Rf3 53. Rc4 Re3 54. Rc8 Rf3 55. Rc4 Rxf4+ 56. Rxf4 g5+ 57. Kg3 gxf4+ 58. Kxf4 Kh5 59. Kxf5 Kh4 60. Kf4 Kxh3 1/2-1/2

[Event "January 9 Early 2024"]
[Site "https://www.chess.com"]
[Date "2024.01.11"]
[Round "2"]
[White "Mrithyunjay Mahadevan"]
[Black "Shuvalova, Polina"]
[Result "0-1"]
[Board "124"]
[TimeControl "180+1"]
[WhiteFideId "45003521"]
[BlackFideId "24171760"]
[WhiteElo "2428"]
[BlackElo "2758"]
[WhiteTeam "IND"]
[BlackTeam "RUS"]
[WhiteClock "0:00:26"]
[BlackClock "0:00:53"]

1. e4 c6 2. Nf3 d5 3. Nc3 dxe4 4. Nxe4 Nf6 5. Qe2 Nxe4 6. Qxe4 Qd5 7. Qh4 Bf5 8. Bc4 Qd8 9. d3 e6 10. Bg5 Be7 11. Bxe7 Qxe7 12. Qxe7+ Kxe7 13. O-O-O Nd7 14. d4 Rhd8 15. Bd3 Bxd3 16. Rxd3 Nf6 17. h3 Ne4 18. Rf1 c5 19. Re3 f5 20. dxc5 Nxc5 21. Nd2 Rac8 22. Rfe1 Rc6 23. b4 Nd3+ 24. Rxd3 Rxd3 25. b5 Rc7 26. Nf3 Rdc3 27. Nd4 Kf7 28. Nxe6 Rxc2+ 29. Kb1 R7c4 30. Ng5+ Kg6 31. Nf3 Kf6 32. Ne5 Rc7 33. Nd7+ Kg5 34. Nf8 Rc8 35. Nxh7+ Kh6 36. Nf8 Rxf2 37. Re6+ Kh5 38. g4+ fxg4 39. hxg4+ Kxg4 40. Nd7 g5 41. Rg6 Rh8 42. Nf6+ Kf5 43. Rxg5+ Kxf6 0-1

[Event "January 9 Early 2024"]
[Site "https://www.chess.com"]
[Date "2024.01.11"]
[Round "2"]
[White "Mirzoev, Azer"]
[Black "Kraus, Tomas"]
[Result "1-0"]
[Board "125"]
[TimeControl "180+1"]
[WhiteFideId "13400304"]
[BlackFideId "331708"]
[WhiteElo "2629"]
[BlackElo "2372"]
[WhiteTeam "AZE"]
[BlackTeam "CZE"]
[WhiteClock "0:00:49"]
[BlackClock "0:00:03"]

1. c4 c5 2. Nc3 Nc6 3. g3 g6 4. Bg2 Bg7 5. h4 h5 6. a3 Nf6 7. d3 O-O 8. Rb1 d6 9. b4 Nd7 10. Bd2 cxb4 11. axb4 a5 12. b5 Nb4 13. Nh3 Qc7 14. Nf4 e6 15. O-O Rb8 16. Na4 b6 17. Bxb4 axb4 18. Rxb4 Bb7 19. Bxb7 Qxb7 20. Qd2 Nc5 21. Nc3 Rfd8 22. Rbb1 Nd7 23. Ne4 Nf6 24. Nxf6+ Bxf6 25. Ng2 d5 26. cxd5 Rxd5 27. Rfc1 Rc8 28. Ne3 Rdc5 29. Rxc5 Rxc5 30. Nc4 Qd7 31. Qf4 Bg7 32. Qb8+ Kh7 33. Qxb6 Rf5 34. Qd6 Bd4 35. Qxd7 1-0

[Event "January 9 Early 2024"]
[Site "https://www.chess.com"]
[Date "2024.01.11"]
[Round "2"]
[White "Spitzl, Vinzent"]
[Black "Terziev, Dimo"]
[Result "0-1"]
[Board "126"]
[TimeControl "180+1"]
[WhiteFideId "12901253"]
[BlackFideId "2925397"]
[WhiteElo "2442"]
[BlackElo "2170"]
[WhiteTeam "GER"]
[BlackTeam "BUL"]
[WhiteClock "0:00:18"]
[BlackClock "0:00:28"]

1. e4 g6 2. d4 Bg7 3. Nc3 d6 4. Be3 Nf6 5. h3 c6 6. a4 Nbd7 7. Nge2 Qc7 8. g4 e5 9. Bg2 b6 10. O-O O-O 11. Qd2 Bb7 12. f4 Rad8 13. Ng3 c5 14. dxe5 dxe5 15. g5 exf4 16. Bxf4 Ne5 17. gxf6 Rxd2 18. fxg7 Rfd8 19. Bxd2 Rxd2 20. Rad1 Nc4 21. Nge2 Rxc2 22. Rf3 Ne5 23. Rf6 Rxb2 24. Nf4 c4 25. Ncd5 Qc5+ 26. Kh1 Kxg7 27. Rg1 c3 28. Bf1 c2 29. Nh5+ Kh6 30. Ne7 Qxe7 0-1

[Event "January 9 Early 2024"]
[Site "https://www.chess.com"]
[Date "2024.01.11"]
[Round "2"]
[White "Morales Garcia, Sergio Joshafatt"]
[Black "Quirke, Jeffrey"]
[Result "1-0"]
[Board "127"]
[TimeControl "180+1"]
[WhiteFideId "5106249"]
[BlackFideId "2013029"]
[WhiteElo "2445"]
[BlackElo "2104"]
[WhiteTeam "MEX"]
[BlackTeam "USA"]
[WhiteClock "0:00:12"]
[BlackClock "0:00:37"]

1. d4 Nf6 2. c4 g6 3. Nc3 Bg7 4. e4 d6 5. Nf3 O-O 6. Be2 e5 7. Be3 Re8 8. d5 a5 9. O-O Na6 10. Nd2 Nd7 11. Rb1 Ndc5 12. a3 f5 13. f3 f4 14. Bf2 g5 15. b4 Nd7 16. Na4 h5 17. c5 axb4 18. axb4 Nf6 19. b5 Nxc5 20. Nxc5 dxc5 21. Bxc5 g4 22. Nc4 g3 23. h3 Nh7 24. d6 Bxh3 25. gxh3 Qh4 26. Qd2 Ng5 27. d7 Nxh3+ 28. Kg2 Ng1 29. dxe8=Q+ Rxe8 30. Rxg1 Qh2+ 31. Kf1 Bf8 32. Bd3 Qxd2 33. Nxd2 Bxc5 34. Rh1 Rd8 35. Bc4+ Kg7 36. Nb3 Rh8 37. Nxc5 h4 38. Kg2 1-0

[Event "January 9 Early 2024"]
[Site "https://www.chess.com"]
[Date "2024.01.11"]
[Round "2"]
[White "Beerdsen, Thomas"]
[Black "Kochiev, Ivan"]
[Result "1-0"]
[Board "128"]
[TimeControl "180+1"]
[WhiteFideId "1030108"]
[BlackFideId "2917890"]
[WhiteElo "2851"]
[BlackElo "2556"]
[WhiteTeam "NED"]
[BlackTeam "BUL"]
[WhiteClock "0:01:04"]
[BlackClock "0:00:02"]

1. e4 c5 2. Nf3 d6 3. d4 cxd4 4. Nxd4 Nf6 5. Nc3 Nc6 6. Nd5 e6 7. Nxf6+ gxf6 8. Be3 Bd7 9. Be2 a6 10. O-O Be7 11. c4 Rc8 12. Rc1 O-O 13. f4 Kh8 14. Bf3 Rg8 15. Kh1 Qa5 16. a3 Bf8 17. Nxc6 Bxc6 18. Bd4 Bg7 19. Bc3 Qc7 20. Qe1 Bd7 21. b3 Qc5 22. Bb4 Qc7 23. Rd1 Bf8 24. Qh4 Rg6 25. f5 exf5 26. exf5 Bxf5 27. Bd5 Rg5 28. Bc3 Bg7 29. Rde1 Qd7 30. Re3 Re8 31. Bd2 Rxe3 32. Bxe3 Rg4 33. Qf2 Be6 34. Bf3 Rg6 35. Bd4 f5 36. Rd1 Qe7 37. h3 Be5 38. c5 f6 39. cxd6 Qxd6 40. Bb2 Qe7 41. Re1 Qc7 42. Bh5 Bg3 43. Qe2 Bxe1 44. Bxg6 hxg6 45. Qxe6 1-0

[Event "January 9 Early 2024"]
[Site "https://www.chess.com"]
[Date "2024.01.11"]
[Round "2"]
[White "Kurmangaliyeva, Liya"]
[Black "Fernandez Hernandez, Gerardo"]
[Result "1-0"]
[Board "129"]
[TimeControl "180+1"]
[WhiteFideId "13725831"]
[BlackFideId "2207400"]
[WhiteElo "2528"]
[BlackElo "2316"]
[WhiteTeam "KAZ"]
[BlackTeam "ESP"]
[WhiteClock "0:00:48"]
[BlackClock "0:00:02"]

1. d4 Nf6 2. Nf3 g6 3. g3 Bg7 4. Bg2 O-O 5. O-O d6 6. Re1 Nbd7 7. e4 e5 8. c3 c6 9. h3 Re8 10. Nbd2 Qc7 11. a4 d5 12. dxe5 Nxe5 13. Nxe5 Rxe5 14. exd5 Nxd5 15. Rxe5 Qxe5 16. Nc4 Qe7 17. Bd2 Be6 18. Qe2 Re8 19. Re1 Kf8 20. h4 Nb6 21. Nxb6 axb6 22. Be3 Bb3 23. Qg4 Qe6 24. Qb4+ c5 25. Bxc5+ bxc5 26. Qxc5+ Kg8 27. Rxe6 Rxe6 28. Qb4 Bc2 29. Bxb7 Bf8 30. Qb5 Re1+ 31. Kg2 Rd1 32. Bd5 Bd3 33. Qb7 Bf1+ 34. Kh2 Rxd5 35. Qxd5 Ba6 36. Qc6 Bc8 37. Qxc8 1-0

[Event "January 9 Early 2024"]
[Site "https://www.chess.com"]
[Date "2024.01.11"]
[Round "2"]
[White "Teillet, Benoit"]
[Black "Tan, Ralph"]
[Result "0-1"]
[Board "130"]
[TimeControl "180+1"]
[WhiteFideId "616591"]
[BlackFideId "30966590"]
[WhiteElo "2275"]
[BlackElo "2516"]
[WhiteTeam "FRA"]
[BlackTeam "USA"]
[WhiteClock "0:00:38"]
[BlackClock "0:00:34"]

1. b4 e5 2. Bb2 Bxb4 3. Bxe5 Nf6 4. e3 O-O 5. Nf3 d6 6. Bb2 Bg4 7. Be2 Nc6 8. O-O d5 9. d4 Bd6 10. Nbd2 Re8 11. c4 Bf8 12. h3 Bh5 13. Rc1 Ne7 14. Qb3 Rb8 15. Bd3 c6 16. a4 dxc4 17. Bxc4 Ned5 18. Ne5 Bd6 19. Ndf3 Bxf3 20. Nxf3 Qe7 21. Rfe1 Rbd8 22. Rcd1 Ne4 23. Ne5 Bxe5 24. dxe5 Nb6 25. Bf1 Nd2 26. Qc2 Nxf1 27. Rxf1 Qb4 28. Bd4 Qxa4 29. Qf5 c5 30. e6 fxe6 31. Qxc5 e5 32. Ra1 Qb3 33. Bxe5 Rd5 34. Qc7 Rdxe5 35. Qxb7 Qf7 36. Rxa7 Qxb7 37. Rxb7 Nd5 38. Rd1 Nf6 39. Ra1 R5e7 40. Rb4 h5 41. Rab1 Kf7 42. Rf4 Kg6 43. Rb5 Re5 44. Rb6 Rd8 45. h4 Rf5 46. Ra4 Rd1+ 47. Kh2 Rxf2 48. e4 Kh7 49. e5 Ng4+ 50. Kg3 Rd3# 0-1

[Event "January 9 Early 2024"]
[Site "https://www.chess.com"]
[Date "2024.01.11"]
[Round "2"]
[White "Nikologorsky, Matfei"]
[Black "Vincenti, Leonardo"]
[Result "1-0"]
[Board "131"]
[TimeControl "180+1"]
[WhiteFideId "24102474"]
[BlackFideId "28550820"]
[WhiteElo "2469"]
[BlackElo "2185"]
[WhiteTeam "FID"]
[BlackTeam "ITA"]
[WhiteClock "0:00:16"]
[BlackClock "0:00:12"]

1. e4 e5 2. Nf3 Nf6 3. Nxe5 d6 4. Nf3 Nxe4 5. Nc3 Nxc3 6. dxc3 Be7 7. Be3 O-O 8. Qd2 a5 9. Bd3 a4 10. a3 Bf6 11. O-O-O c6 12. h4 g6 13. Bh6 Re8 14. h5 Be6 15. hxg6 fxg6 16. Ng5 Bd5 17. Rde1 Nd7 18. Nxh7 Rxe1+ 19. Rxe1 Kxh7 20. Rh1 Ne5 21. Bf4+ Kg7 22. Bxe5 dxe5 23. Qh6+ Kf7 24. Qxg6+ Ke6 25. c4 Qe7 26. Rh7 Qf8 27. cxd5+ Kxd5 28. Rd7+ Kc5 29. Qe4 b5 30. Qe3# 1-0

[Event "January 9 Early 2024"]
[Site "https://www.chess.com"]
[Date "2024.01.11"]
[Round "2"]
[White "Crocker, Philip J"]
[Black "Andreikin, Dmitry"]
[Result "0-1"]
[Board "132"]
[TimeControl "180+1"]
[WhiteFideId "403180"]
[BlackFideId "4158814"]
[WhiteElo "2125"]
[BlackElo "3107"]
[WhiteTeam "ENG"]
[BlackTeam "FID"]
[WhiteClock "0:00:01"]
[BlackClock "0:01:32"]

1. c4 e5 2. g3 Nf6 3. Bg2 Nc6 4. Nc3 Bb4 5. Nd5 O-O 6. Nf3 e4 7. Nh4 d6 8. Nxb4 Nxb4 9. a3 Nc6 10. d4 exd3 11. Qxd3 Ne5 12. Qc2 Be6 13. b3 Qd7 14. O-O Bh3 15. Bg5 Bxg2 16. Nxg2 Nh5 17. Rad1 Qh3 18. f3 h6 19. Bf4 Rae8 20. Bxe5 Rxe5 21. e4 Rfe8 22. Rd5 Nf6 23. Rxe5 dxe5 24. Rd1 Qe6 25. Ne3 Qb6 26. Qc3 c6 27. Kg2 Rd8 28. Rxd8+ Qxd8 29. h4 Ne8 30. Ng4 f6 31. Nf2 Nc7 32. Qd3 Qe7 33. b4 Ne6 34. Ng4 Nd4 35. Ne3 Qd6 36. c5 Qe6 37. Qc4 Kf7 38. Qxe6+ Kxe6 39. Nc4 g5 40. hxg5 fxg5 41. Kf2 h5 42. Kg2 h4 43. gxh4 gxh4 44. Nd2 Nc2 45. Kh3 Nxa3 46. Kxh4 Nc2 47. Kg4 Nxb4 48. f4 exf4 49. Kxf4 Nd3+ 50. Ke3 Nxc5 51. Nc4 b6 52. Kd4 Nd7 53. Ne3 a5 54. Kc4 Ne5+ 55. Kc3 b5 56. Kd4 a4 0-1

[Event "January 9 Early 2024"]
[Site "https://www.chess.com"]
[Date "2024.01.11"]
[Round "2"]
[White "Tymrakiewicz, Rafal"]
[Black "Potkin, Vladimir"]
[Result "0-1"]
[Board "133"]
[TimeControl "180+1"]
[WhiteFideId "1108832"]
[BlackFideId "4131061"]
[WhiteElo "2388"]
[BlackElo "2666"]
[WhiteTeam "POL"]
[BlackTeam "RUS"]
[WhiteClock "0:00:02"]
[BlackClock "0:00:56"]

1. d4 Nf6 2. Bg5 d5 3. e3 c5 4. c3 Nc6 5. Nd2 cxd4 6. exd4 h6 7. Bf4 Bf5 8. Qb3 Qc8 9. Ngf3 e6 10. Ne5 Be7 11. Be2 O-O 12. O-O Nxe5 13. Bxe5 Nd7 14. Bf4 a6 15. a4 Qc6 16. a5 Rfe8 17. Qa4 Rac8 18. Qxc6 Rxc6 19. Rfe1 f6 20. Bd1 Kf7 21. Ba4 g5 22. Bxc6 bxc6 23. Bg3 c5 24. Nb3 c4 25. Nd2 Rc8 26. Rec1 h5 27. h3 h4 28. Bh2 g4 29. hxg4 Bxg4 30. f3 Bf5 31. Kf2 e5 32. dxe5 Bc5+ 33. Ke1 Nxe5 34. Bxe5 fxe5 35. b4 cxb3 36. Nxb3 Be3 37. Rd1 Rxc3 38. Rxd5 Rxb3 39. Rxe5 Kf6 40. Rd5 Rb2 41. Rad1 Rxg2 0-1

[Event "January 9 Early 2024"]
[Site "https://www.chess.com"]
[Date "2024.01.11"]
[Round "2"]
[White "Devaev, Alexander"]
[Black "Kostiukov, Alexandr"]
[Result "1-0"]
[Board "134"]
[TimeControl "180+1"]
[WhiteFideId "4169395"]
[BlackFideId "14108100"]
[WhiteElo "2523"]
[BlackElo "2300"]
[WhiteTeam "RUS"]
[BlackTeam "UKR"]
[WhiteClock "0:00:32"]
[BlackClock "0:00:11"]

1. d4 g6 2. c4 Bg7 3. e4 d6 4. h3 e5 5. d5 f5 6. exf5 Bxf5 7. Nc3 Nf6 8. Nge2 O-O 9. Ng3 a5 10. Be2 Na6 11. Be3 b6 12. O-O Nc5 13. Nxf5 gxf5 14. f4 e4 15. Kh2 Kh8 16. Rg1 Qe7 17. Qd2 a4 18. Rae1 a3 19. b3 Na6 20. Nd1 Nd7 21. Nf2 Ndc5 22. g4 fxg4 23. Rxg4 Bf6 24. Reg1 Rg8 25. R1g2 Rxg4 26. hxg4 Bg7 27. g5 Rf8 28. Rg3 Nd7 29. Rh3 Nac5 30. Bg4 Kg8 31. b4 Nd3 32. Be6+ Kh8 33. Nxd3 exd3 34. Qxd3 Re8 35. Qxh7# 1-0

[Event "January 9 Early 2024"]
[Site "https://www.chess.com"]
[Date "2024.01.11"]
[Round "2"]
[White "Kashefi, Amir Hosein"]
[Black "Kukhmazov, Arsen"]
[Result "1-0"]
[Board "135"]
[TimeControl "180+1"]
[WhiteFideId "12557935"]
[BlackFideId "24108260"]
[WhiteElo "2622"]
[BlackElo "2902"]
[WhiteTeam "IRI"]
[BlackTeam "FID"]
[WhiteClock "0:00:15"]
[BlackClock "0:00:22"]

1. d4 d5 2. c4 c6 3. Nc3 Nf6 4. cxd5 cxd5 5. Nf3 Nc6 6. e3 a6 7. Ne5 e6 8. f4 Bd7 9. Bd3 g6 10. O-O h5 11. b3 Bd6 12. Bd2 Ne7 13. Rc1 Nf5 14. Qe2 Qe7 15. Be1 h4 16. Bf2 Rd8 17. Rc2 Kf8 18. Rfc1 Kg7 19. Qe1 Bxe5 20. fxe5 Ng4 21. h3 Nxf2 22. Qxf2 Bc6 23. Bxf5 gxf5 24. Ne2 Qg5 25. Nf4 Kf8 26. Rxc6 bxc6 27. Rxc6 Qg3 28. Qd2 Kg7 29. Rc7 Rhe8 30. Nh5+ 1-0

[Event "January 9 Early 2024"]
[Site "https://www.chess.com"]
[Date "2024.01.11"]
[Round "2"]
[White "Girsh, Daniel"]
[Black "Anton Guijarro, David"]
[Result "0-1"]
[Board "136"]
[TimeControl "180+1"]
[WhiteFideId "30949190"]
[BlackFideId "2285525"]
[WhiteElo "2640"]
[BlackElo "2999"]
[WhiteTeam "USA"]
[BlackTeam "ESP"]
[WhiteClock "0:00:31"]
[BlackClock "0:00:20"]

1. e4 c5 2. Nf3 Nc6 3. d4 cxd4 4. Nxd4 e5 5. Nb5 d6 6. Be2 Be6 7. O-O Be7 8. Be3 a6 9. N5c3 Nf6 10. Nd2 b5 11. a3 h6 12. Kh1 O-O 13. f4 exf4 14. Bxf4 Ne5 15. Nf3 Qc7 16. Qd4 Nfd7 17. Rad1 Rac8 18. h3 Qb7 19. Bd3 Rfd8 20. Nd5 Bxd5 21. exd5 Bf6 22. Qf2 Nxd3 23. Rxd3 Nc5 24. Rdd1 Bxb2 25. Rfe1 Bf6 26. Qg3 Re8 27. Qg4 Rxe1+ 28. Rxe1 Rd8 29. Qf5 Qd7 30. Qh5 Na4 31. Nh2 Re8 32. Rf1 Be5 33. Bxh6 gxh6 34. Ng4 Bg7 35. Nxh6+ Bxh6 36. Qxh6 Re5 37. Rf4 f5 38. Rh4 Qg7 39. Qxd6 Re1+ 40. Kh2 Qe5+ 41. Qxe5 Rxe5 42. Re4 0-1

[Event "January 9 Early 2024"]
[Site "https://www.chess.com"]
[Date "2024.01.11"]
[Round "2"]
[White "Dominguez Perez, Leinier"]
[Black "Arslanov, Shamil"]
[Result "1-0"]
[Board "137"]
[TimeControl "180+1"]
[WhiteFideId "3503240"]
[BlackFideId "4192826"]
[WhiteElo "2978"]
[BlackElo "2633"]
[WhiteTeam "USA"]
[BlackTeam "RUS"]
[WhiteClock "0:00:34"]
[BlackClock "0:00:11"]

1. e4 d6 2. d4 e5 3. Nf3 Bg4 4. dxe5 Nc6 5. Bb5 Qd7 6. h3 Bh5 7. Nc3 O-O-O 8. Be3 a6 9. Ba4 Qe8 10. Bxc6 Qxc6 11. Qd4 Bxf3 12. gxf3 dxe5 13. Qa7 Nf6 14. a3 Qc4 15. Qa8+ Kd7 16. Qxb7 Bd6 17. Qb3 Qxb3 18. cxb3 Rb8 19. b4 Ke6 20. O-O-O h6 21. Rd3 g5 22. Na4 Rhg8 23. Rhd1 h5 24. Bc5 Ne8 25. Rc3 g4 26. fxg4 hxg4 27. hxg4 Rxg4 28. f3 Rg2 29. Bxd6 cxd6 30. Rc6 Rf2 31. Rd3 f5 32. Rxa6 fxe4 33. fxe4 Rc8+ 34. Kb1 Re2 35. Nc3 Rc4 36. Nxe2 1-0

[Event "January 9 Early 2024"]
[Site "https://www.chess.com"]
[Date "2024.01.11"]
[Round "2"]
[White "Veloso, Henrique Barbosa"]
[Black "Tejedor Fuente, Enrique"]
[Result "0-1"]
[Board "138"]
[TimeControl "180+1"]
[WhiteFideId "22784853"]
[BlackFideId "2299100"]
[WhiteElo "2274"]
[BlackElo "2717"]
[WhiteTeam "BRA"]
[BlackTeam "ESP"]
[WhiteClock "0:00:34"]
[BlackClock "0:00:46"]

1. d4 e6 2. c4 Nf6 3. Nf3 c6 4. Bg5 d5 5. e3 h6 6. Bh4 Qa5+ 7. Nbd2 Nbd7 8. Bd3 Be7 9. O-O O-O 10. a3 Qd8 11. b4 a5 12. b5 dxc4 13. Bxc4 cxb5 14. Bxb5 b6 15. Bc6 Ra7 16. Bg3 Bb7 17. Bxb7 Rxb7 18. a4 Nd5 19. Qb3 N7f6 20. Nc4 Bb4 21. Rfc1 Ne4 22. Nfe5 Qe8 23. Nd3 Nxg3 24. hxg3 Qb8 25. e4 Nf6 26. Nxb4 axb4 27. e5 Nd5 28. Nd6 Rd7 29. Rc6 Rc7 30. Rac1 Rxc6 31. Rxc6 Qa8 32. Rc4 Qd8 33. Nb5 Qg5 34. Rxb4 Qc1+ 35. Kh2 Nxb4 36. Qxb4 Qg5 37. Nd6 Qh5+ 38. Kg1 Qd1+ 39. Kh2 Qh5+ 40. Kg1 Qg4 41. Qxb6 Qd1+ 42. Kh2 Qh5+ 43. Kg1 Qd1+ 44. Kh2 Qxa4 45. Qc5 Qd1 46. f3 Qa4 47. Ne4 Qe8 48. g4 Qc8 49. Qb4 Qd8 50. Ng3 Qh4+ 0-1

[Event "January 9 Early 2024"]
[Site "https://www.chess.com"]
[Date "2024.01.11"]
[Round "2"]
[White "Sasvatha A"]
[Black "Novik, Maxim"]
[Result "0-1"]
[Board "139"]
[TimeControl "180+1"]
[WhiteFideId "45010862"]
[BlackFideId "4102924"]
[WhiteElo "2171"]
[BlackElo "2467"]
[WhiteTeam "IND"]
[BlackTeam "LTU"]
[WhiteClock "0:00:16"]
[BlackClock "0:01:30"]

1. d4 Nf6 2. b3 g6 3. Bb2 Bg7 4. Nc3 O-O 5. e3 d5 6. Bd3 c5 7. Nge2 Nc6 8. Qd2 cxd4 9. exd4 Nb4 10. a3 Nxd3+ 11. Qxd3 Bf5 12. Qd2 Rc8 13. Ng3 Qc7 14. Nxf5 gxf5 15. O-O Ne4 16. Nxe4 fxe4 17. Rac1 b5 18. f3 f5 19. c3 e6 20. fxe4 fxe4 21. Rxf8+ Rxf8 22. Qe2 Qf4 23. Rf1 Qxf1+ 24. Qxf1 Rxf1+ 25. Kxf1 Kf7 26. Ke2 h5 27. Ke3 Bh6+ 28. Ke2 Kg6 29. a4 a6 30. axb5 axb5 31. Ba3 Kf5 32. Bd6 Bc1 33. Kd1 Be3 34. Ke2 Bg5 35. g3 Kg4 36. h4 Bf6 37. Ke3 Kf5 38. Bf4 e5 39. dxe5 Bxe5 40. Bxe5 Kxe5 41. Ke2 d4 42. cxd4+ Kxd4 43. Kd2 e3+ 44. Ke2 Ke4 45. b4 Kd4 46. g4 hxg4 47. h5 g3 48. h6 g2 49. h7 g1=Q 50. h8=Q+ Kc4 51. Qb2 Qf2+ 52. Kd1 Qxb2 53. Ke1 Qd2+ 54. Kf1 Qf2# 0-1

[Event "January 9 Early 2024"]
[Site "https://www.chess.com"]
[Date "2024.01.11"]
[Round "2"]
[White "Franchini, Gabriele"]
[Black "Sztokbant, Bernardo Vainzoff"]
[Result "1-0"]
[Board "140"]
[TimeControl "180+1"]
[WhiteFideId "806790"]
[BlackFideId "2115956"]
[WhiteElo "2242"]
[BlackElo "2469"]
[WhiteTeam "ITA"]
[BlackTeam "BRA"]
[WhiteClock "0:00:25"]
[BlackClock "0:00:01"]

1. e4 c5 2. Nc3 Nc6 3. Bb5 d6 4. Bxc6+ bxc6 5. d3 e5 6. f4 exf4 7. Bxf4 Be6 8. Nf3 Be7 9. O-O Nf6 10. Ng5 Qd7 11. e5 dxe5 12. Bxe5 h6 13. Nxe6 Qxe6 14. Qf3 O-O 15. Rae1 Qd7 16. Ne4 Ng4 17. Bc3 f5 18. Ng3 Bh4 19. Re2 f4 20. Nh5 Ne3 21. Bxg7 Rf5 22. Rxe3 Rxh5 23. Qxh5 fxe3 24. Bxh6 Bf2+ 25. Kh1 Qf7 26. Qg4+ Kh7 27. Bxe3 Re8 28. Rxf2 Rxe3 29. Rxf7+ 1-0

[Event "January 9 Early 2024"]
[Site "https://www.chess.com"]
[Date "2024.01.11"]
[Round "2"]
[White "Martin Fuentes, Alberto"]
[Black "Rasulov, Vugar"]
[Result "0-1"]
[Board "141"]
[TimeControl "180+1"]
[WhiteFideId "2292289"]
[BlackFideId "13402390"]
[WhiteElo "2636"]
[BlackElo "2982"]
[WhiteTeam "ESP"]
[BlackTeam "AZE"]
[WhiteClock "0:00:10"]
[BlackClock "0:01:00"]

1. e4 e5 2. Nf3 Nc6 3. d4 exd4 4. Bc4 d6 5. O-O Nf6 6. Nxd4 Be7 7. Nc3 O-O 8. a4 Re8 9. Re1 Bf8 10. Bg5 h6 11. Bh4 Ne5 12. Bb3 Ng6 13. Bg3 Bg4 14. f3 Bd7 15. Qd2 h5 16. Rad1 h4 17. Bf2 h3 18. g3 Ne5 19. f4 Neg4 20. Qd3 c6 21. Nf3 Nxf2 22. Kxf2 Qb6+ 23. Kf1 Ng4 24. Rd2 d5 25. exd5 Rxe1+ 26. Kxe1 Re8+ 27. Kd1 Bf5 28. Qd4 Bc5 29. a5 Qxa5 30. Qa4 Qxa4 31. Nxa4 Be3 32. Re2 cxd5 33. Bxd5 b5 34. Nc3 b4 35. Na4 Rd8 36. c4 Bd3 37. Rxe3 Nxe3+ 38. Kd2 Bxc4 39. Kxe3 Bxd5 40. Ne5 f6 41. Ng4 Rc8 42. Kd4 Bc6 43. Nc5 a5 44. Nf2 a4 45. Nxh3 a3 46. bxa3 bxa3 47. Nf2 a2 48. Nb3 Ba4 49. Na1 Rc1 0-1

[Event "January 9 Early 2024"]
[Site "https://www.chess.com"]
[Date "2024.01.11"]
[Round "2"]
[White "Chu, Wei Chao"]
[Black "Gokerkan, Cem Kaan"]
[Result "1-0"]
[Board "142"]
[TimeControl "180+1"]
[WhiteFideId "8605661"]
[BlackFideId "6336760"]
[WhiteElo "2582"]
[BlackElo "2835"]
[WhiteTeam "CHN"]
[BlackTeam "TUR"]
[WhiteClock "0:00:33"]
[BlackClock "0:00:01"]

1. d4 Nf6 2. c4 g6 3. Nc3 Bg7 4. e4 d6 5. Be2 O-O 6. Be3 c5 7. d5 Na6 8. Nf3 Nc7 9. O-O e6 10. Nd2 Re8 11. a4 b6 12. h3 Rb8 13. Bd3 a6 14. dxe6 Bxe6 15. Qc2 Bd7 16. Rfd1 Bc6 17. Bg5 h6 18. Bh4 g5 19. Bg3 Nh5 20. Bh2 Ne6 21. Nf3 Nhf4 22. Nd5 Ng6 23. Ra3 Nd4 24. Nxd4 Bxd4 25. Qe2 b5 26. axb5 axb5 27. Ra7 bxc4 28. Bxc4 Rxb2 29. Qh5 Kg7 30. Ne3 Re7 31. Nf5+ 1-0